 Dungeon Crawl Stone Soup version 0.28.0-43-g3370ac3207 (webtiles) character file.

Game seed: 433729706651322621

228 croobank the Sneak (level 6, 0/32 HPs)
             Began as an Octopode Fire Elementalist on Mar 5, 2022.
             Killed by nerve-wracking pain
             ... invoked by an orc priest
              (4 damage)
             ... on level 4 of the Dungeon.
             The game lasted 00:09:27 (3551 turns).

croobank the Sneak (Octopode Fire Elementalist)     Turns: 3551, Time: 00:09:36

Health: 0/32       AC:  1    Str:  7    XL:     6   Next: 2%
Magic:  0/10       EV: 13    Int: 26    God:
Gold:   136        SH:  0    Dex: 12    Spells: 4/11 levels left

rFire   + . .      SeeInvis .   o - +0 war axe
rCold   x . .      Faith    .   k - orb {*channel}
rNeg    . . .      Spirit   +   t - +0 hat "Gasareb" {Rampage +Blink}
rPois   .          Reflect  .   j - amulet of guardian spirit
rElec   +          Harm     .   f - ring "Yxtoill" {rElec rF+ rC- Int+6}
rCorr   .          Rampage  +   (no ring)
Will    .....      Clarity  +   (no ring)
Stlth   ++++......              (no ring)
HPRegen 0.10/turn               (no ring)
MPRegen 0.12/turn               (no ring)
                                (no ring)
                                (no ring)

@: lethally poisoned (0 -> -7)
A: almost no armour, amphibious, 8 rings, camouflage 1, gelatinous body 1,
(nimble swimmer 1), tentacles, clarity, frail 1, subdued magic 1
a: Evoke Blink


You were on level 4 of the Dungeon.
You visited 1 branch of the dungeon, and saw 4 of its levels.

You collected 136 gold pieces.

Inventory:

Hand Weapons
 b - a +0 spear
 m - a +0 battleaxe
 o - a +0 war axe (weapon)
Missiles
 a - 56 stones
 c - 15 bolts
 h - 51 sling bullets
 p - 4 poisoned darts
Armour
 k - an orb of energy (worn)
 t - the +0 hat "Gasareb" (worn) {Rampage +Blink}
   (You acquired it on level 3 of the Dungeon)

   +Blink:    It lets you blink.
   Rampage:   It bestows one free step when moving towards enemies.
Jewellery
 f - the ring "Yxtoill" (left tentacle) {rElec rF+ rC- Int+6}
   (You acquired it on level 3 of the Dungeon)

   [ring of intelligence]

   Int:       It affects your intelligence (+6).
   rF:        It protects you from fire.
   rC:        It makes you vulnerable to cold.
   rElec:     It insulates you from electricity.
 j - an amulet of guardian spirit (around mantle)
 s - a +6 ring of dexterity
Scrolls
 e - 2 scrolls of immolation
 g - 2 scrolls of vulnerability
Potions
 d - a potion of curing
 i - a potion of haste {unknown}
 n - a potion of heal wounds {unknown}


   Skills:
 + Level 3.2 Dodging
 + Level 4.5 Stealth
 + Level 3.0 Spellcasting
 + Level 2.6 Conjurations
 + Level 3.8 Fire Magic


You had 4 spell levels left.
You knew the following spells:

 Your Spells              Type           Power      Damage    Failure   Level
a - Foxfire               Conj/Fire      64%        2x1d7     1%          1
b - Scorch                Fire           36%        2d7       2%          2
c - Flame Wave            Conj/Fire      16%        2d6       21%         4

Your spell library contained the following spells:

 Spells                   Type           Power      Damage    Failure   Level
 Conjure Flame            Conj/Fire      16%        6-21      6%          3
 Freeze                   Ice            12%        1d4       8%          1
 Inner Flame              Hex/Fire       10%        N/A       11%         3
 Frozen Ramparts          Ice            6%         1d2       24%         3
 Hailstorm                Conj/Ice       8%         3d4       45%         4
 Animate Dead             Necr           1%         N/A       63%         4
 Haunt                    Necr/Summ      1%         N/A       100%        7
 Infestation              Necr           1%         N/A       100%        8


Dungeon Overview and Level Annotations

Branches:
Dungeon (4/15)
 Temple: D:4-7

Altars:


Innate Abilities, Weirdness & Mutations

You cannot wear most types of armour.
You are amphibious.
You can wear up to eight rings at the same time.
Your skin changes colour to match your surroundings (Stealth+).
Your rubbery body absorbs attacks. (AC +1, EV +1)
((You are camouflaged when in or above water. (Stealth+)))
You have tentacles for arms and can constrict up to eight enemies at once.
You possess an exceptional clarity of mind.
You are frail. (-10% HP)
Your spells are a little easier to cast, but a little less powerful.


Message History

Press: ? - help, Dir - look around, f - activate A wave of flame ripples out!
The flame wave engulfs the orc.
The orc is almost dead.
The flame wave engulfs the orc!
You kill the orc!
The flame wave engulfs the orc priest.
The orc priest is moderately wounded.
The flame wave engulfs the orc priest.
The orc priest is heavily wounded. (Press . to intensify the flame waves.)
The orc priest mumbles some strange prayers to Beogh against you.
Pain shoots through your body!
The orc priest hits you with a +0 short sword.
The orc barely misses you. The dart slug launches a dart at you.
The slug dart misses you.
Your Spellcasting skill increases to level 3!
A wave of flame ripples out!
The flame wave engulfs the orc.
You kill the orc!
The flame wave engulfs the orc priest!
The orc priest is severely wounded.
The flame wave engulfs the orc priest!
You kill the orc priest!
The orc priest invokes the aid of Beogh against you.
Beogh smites you!
* * * LOW HITPOINT WARNING * * *
You have reached level 6!
Without enough magic to sustain them, the waves of flame dissipate.
The orc priest hits you with a +1 dagger of venom.
* * * LOW HITPOINT WARNING * * *
You are lethally poisoned!
The dart slug launches a dart at you. The slug dart misses you.
An endoplasm comes into view.
* * * LOW HITPOINT WARNING * * *
You feel sick.
The endoplasm quivers.
The orc priest mumbles some strange prayers to Beogh against you.
Pain shoots through your body!
You die...

#.............## #.#
..#.###............#
#. #.###.#.####.# #.
#.###....# #.# #.
#............#
#.###.###....##...
#.#o...w....## .
#.)...###.#.#
#.@)......#
#......##.#.##.#
#J####. #...# ##
....# .##.# . .# .#


You could see an orc priest, a dart slug and an endoplasm.

Vanquished Creatures
  A scorpion (D:3)
  An orc priest (D:4)
  Jessica (D:2)
  An iguana (D:4)
  A gnoll (D:1)
  An adder (D:3)
  2 worms (D:2)
  2 dart slugs (D:1)
  4 orcs
  7 bats
  4 endoplasms
  3 giant cockroaches
  5 goblins
  4 hobgoblins
  3 quokkas
  9 ball pythons
  2 frilled lizards
  3 kobolds
  4 rats
58 creatures vanquished.

Vanquished Creatures (collateral kills)
  2 foxfires (D:1)
2 creatures vanquished.

Vanquished Creatures (others)
  104 foxfires
104 creatures vanquished.

Grand Total: 164 creatures vanquished

Notes
Turn   | Place    | Note
-------+----------+-------------------------------------------
     0 | D:1      | croobank the Octopode Fire Elementalist began the quest for
                  | the Orb.
     0 | D:1      | Reached XP level 1. HP: 11/11 MP: 3/3
    45 | D:1      | Reached skill level 3 in Stealth
    45 | D:1      | Reached XP level 2. HP: 17/17 MP: 0/5
   223 | D:1      | Gained mutation: You are weak. (Str -2) [potion of
                  | mutation]
   223 | D:1      | Gained mutation: You are frail. (-10% HP) [potion of
                  | mutation]
   223 | D:1      | Gained mutation: You are strong-willed. (Will+) [potion of
                  | mutation]
   223 | D:1      | Gained mutation: You possess an exceptional clarity of
                  | mind. [potion of mutation]
   560 | D:1      | Found a faded altar of an unknown god.
   574 | D:1      | Reached XP level 3. HP: 10/18 MP: 2/6
   925 | D:1      | Learned a level 2 spell: Scorch
  1472 | D:2      | Noticed Jessica
  1484 | D:2      | Killed Jessica
  1485 | D:2      | Reached XP level 4. HP: 24/24 MP: 2/7
  1488 | D:2      | Lost mutation: You are weak. (Str -2) [potion of mutation]
  1488 | D:2      | Lost mutation: You are strong-willed. (Will+) [potion of
                  | mutation]
  1488 | D:2      | Gained mutation: Your spells are a little easier to cast,
                  | but a little less powerful. [potion of mutation]
  1876 | D:2      | Learned a level 4 spell: Flame Wave
  2218 | D:3      | Noticed a scorpion
  2226 | D:3      | Killed a scorpion
  2227 | D:3      | Reached skill level 4 in Stealth
  2227 | D:3      | Reached XP level 5. HP: 27/27 MP: 0/9
  2615 | D:3      | Identified a scroll of acquirement
  2615 | D:3      | Acquired the ring "Yxtoill" {rElec rF+ rC- Int+6}
  3138 | D:3      | Acquired the +0 hat "Gasareb" {Rampage +Blink}
  3550 | D:4      | Reached XP level 6. HP: 9/32 MP: 0/10
  3551 | D:4      | Killed from afar by an orc priest

Illustrated notes

Levels and vault maps discovered:
D:1:      dpeg_arrival_central, layout_basic,
          shapermc_ecumenical_altar_mp_ritualfount
D:2:      layout_loops_cross, uniq_jessica
D:3:      layout_basic
D:4:      layout_loops_ring, kennysheep_cluttered_room

Skill      XL: |  1  2  3  4  5 |
---------------+----------------+-----
Stealth        | 3 4 |  4.5
Conjurations   | 2 |  2.6
Dodging        | 3 |  3.2
Spellcasting   | 3 |  3.0
Fire Magic     | |  3.8

Action                   |  1- 3 |  4- 6 || total
-------------------------+-------+-------++-------
Melee: Unarmed           |     2 |       ||     2
       Constrict         |     5 |     1 ||     6
       Tentacles         |     5 |     1 ||     6
       Spear             |    18 |     7 ||    25
       War axe           |       |     1 ||     1
 Cast: Foxfire           |    32 |    29 ||    61
       Scorch            |    10 |    14 ||    24
       Flame Wave        |       |     1 ||     1
  Use: Potion            |     1 |     1 ||     2
       Scroll            |     1 |     9 ||    10
 Stab: Sleeping          |     2 |     2 ||     4
Armor: Skin              |     1 |       ||     1
Dodge: Dodged            |    10 |    10 ||    20
